 Dungeon Crawl Stone Soup version 0.30.1-4-g462c640d31 (webtiles) character file.

Game seed: 4690487010328359933

133769 Amplified the Severer (level 16, -20/157 HPs)
             Began as a Minotaur Reaver on Sept 12, 2023.
             Was the Champion of the Shining One.
             Killed from afar by a green death (41 damage)
             ... with a poison arrow
             ... summoned by Asterion
             ... on level 1 of the Depths on Sept 14, 2023.
             The game lasted 00:33:09 (24098 turns).

Amplified the Severer (Minotaur Reaver)            Turns: 24098, Time: 00:33:10

Health: -20/157    AC: 30    Str: 23    XL:     16   Next: 60%
Magic:  34/34      EV:  8    Int:  7    God:    the Shining One [******]
Gold:   1185       SH:  5    Dex: 11    Spells: 19/24 levels left

rFire   + + +        d - +4 broad axe (freeze)
rCold   + + +        (no shield)
rNeg    + + +        T - +2 plate armour {rC+}
rPois   .            h - +1 hat of Ashenzari's Delight {rElec rF+++ Int-3 SInv}
rElec   +            c - +2 cloak
rCorr   .            w - +1 pair of gloves
SInv    +            m - +1 pair of boots
Will    +....        G - amulet of Hinligra {Reflect rN+++ SH+5} Stlth
                     a - ring of Undoing {Wiz rC+ MP+9}
HPRegen 0.46/turn    L - +4 ring of slaying
MPRegen 0.24/turn

%: reflection, wizardry (x1)
@: mighty, lethally poisoned (-20 -> -33), about to teleport, glowing, unable to
read
A: horns 2, retaliatory headbutt, cold resistance 1, inability to read after
injury 1
a: Renounce Religion, Divine Shield, Cleansing Flame, Summon Divine Warrior,
Brand Weapon With Holy Wrath


You were on level 1 of the Depths.
You worshipped the Shining One.
The Shining One was exalted by your worship.
You visited 4 branches of the dungeon, and saw 23 of its levels.
You also visited: Ossuary, Bailey, Gauntlet and Volcano.

You collected 2760 gold pieces.
You spent 1575 gold pieces at shops.

Inventory:

Hand Weapons
 d - a +4 broad axe of freezing (weapon)
 i - a +8 broad axe
 y - the +27 heavy crossbow "Sniper" {heavy, Acc+∞ SInv}
   (You found it on level 12 of the Dungeon)

   Acc+∞: It never misses its target.
   SInv:      It lets you see invisible.
 K - a +1 hand axe of flaming
Missiles
 u - 2 datura-tipped darts (quivered)
 P - 2 throwing nets
Armour
 c - a +2 cloak (worn)
 h - the +1 hat of Ashenzari's Delight (worn) {rElec rF+++ Int-3 SInv}
   (You found it in a Gauntlet)

   Int:       It affects your intelligence (-3).
   rF:        It renders you almost immune to fire.
   rElec:     It insulates you from electricity.
   SInv:      It lets you see invisible.
 m - a +1 pair of boots (worn)
 w - a +1 pair of gloves (worn)
 A - the +0 hat of the Snail {rN+ Regen+}
   (You acquired it in a bailey)

   rN:        It protects you from negative energy.
   Regen:     It increases your rate of health regeneration.
 T - a +2 plate armour of cold resistance (worn)
Jewellery
 a - the ring of Undoing (left hand) {Wiz rC+ MP+9}
   (You took it off a centaur warrior on level 12 of the Dungeon)

   [ring of wizardry]

   It improves your spell success rate.
   rC:        It protects you from cold.
   MP:        It affects your magic capacity (+9).
 g - the amulet of Optimism {RegenMP +Blink Str+4 Int-2 Dex+3}
   (You found it in a Gauntlet)

   [amulet of magic regeneration]

   It increases your rate of magic regeneration.
   Str:       It affects your strength (+4).
   Int:       It affects your intelligence (-2).
   Dex:       It affects your dexterity (+3).
   +Blink:    It lets you blink.
 G - the amulet of Hinligra (around neck) {Reflect rN+++ SH+5}
   (You found it on level 11 of the Dungeon)

   [amulet of reflection]

   It reflects blocked missile attacks.
   rN:        It renders you almost immune to negative energy.
   SH:        It affects your SH (+5).
 L - a +4 ring of slaying (right hand)
 M - a ring of protection from fire
 W - an amulet of the acrobat
Wands
 e - a wand of flame (34)
 f - a wand of iceblast (10)
 z - a wand of charming (12)
 B - a wand of mindburst (5)
 Q - a wand of digging (4)
 V - a wand of acid (7)
Scrolls
 j - 2 scrolls of butterflies
 o - 6 scrolls of amnesia
 s - 13 scrolls of teleportation
 E - a scroll of fog
 O - 2 scrolls of fear
 U - a scroll of silence
Potions
 k - 2 potions of attraction
 l - 7 potions of brilliance
 n - 4 potions of mutation
 p - 2 potions of cancellation
 q - 10 potions of lignification
 r - 2 potions of magic
 t - 7 potions of degeneration
 v - 7 potions of flight
 x - 8 potions of curing
 C - a potion of resistance
 D - 7 potions of haste
 F - 2 potions of invisibility
 N - 3 potions of heal wounds
 R - a potion of ambrosia
Miscellaneous
 H - a piece from Xom's chessboard (15/15)
 I - a lightning rod (4/4)
 J - a phantom mirror


   Skills:
 * Level 17.8 Fighting
 - Level 18.2 Axes
 * Level 17.6 Armour
 - Level 2.1 Dodging
 - Level 4.8 Spellcasting
 - Level 2.1 Conjurations
 * Level 14.4 Invocations


You had 19 spell levels left.
You knew the following spells:

 Your Spells              Type           Power      Damage    Failure   Level
a - Kiss of Death         Conj/Necr      12%        2d6       45%         1
b - Momentum Strike       Conj/Tloc      6%         3d8       58%         2
c - Passwall              Tmut/Erth      0%         N/A       73%         2

Your spell library contained the following spells:

 Spells                   Type           Power      Damage    Failure   Level
 Magic Dart               Conj           16%        1d3       32%         1
 Searing Ray              Conj           8%         2d4       43%         2
 Shock                    Conj/Air       12%        1d3       45%         1
 Sandblast                Erth           2%         2d4       58%         1
 Sublimation of Blood     Necr           1%         N/A       73%         2
 Dazzling Flash           Conj/Hex       6%         N/A       80%         3
 Hailstorm                Conj/Ice       3%         3d3       80%         3
 Stone Arrow              Conj/Erth      6%         3d7       80%         3
 Call Canine Familiar     Summ           1%         N/A       91%         3
 Ignite Poison            Fire/Tmut/Pois 1%         N/A       91%         3
 Portal Projectile        Hex/Tloc       2%         N/A       91%         3
 Summon Guardian Golem    Hex/Summ       1%         N/A       91%         3
 Swiftness                Air            1%         N/A       91%         3
 Volatile Blastmotes      Fire/Tloc      2%         2d10      91%         3
 Fulminant Prism          Conj/Hex       1%         3d5       99%         4
 Iskenderun's Mystic Bla  Conj/Tloc      3%         2d3       99%         4
 Sticky Flame             Conj/Fire      3%         2d3       99%         4
 Airstrike                Air            0%         2d(1-17)  100%        4
 Leda's Liquefaction      Hex/Erth       0%         N/A       100%        4
 Petrify                  Tmut/Erth      1%         N/A       100%        4
 Agony                    Necr           1%         N/A       100%        5
 Alistair's Intoxication  Tmut/Pois      0%         N/A       100%        5
 Borgnjor's Vile Clutch   Necr/Erth      0%         N/A       100%        5
 Irradiate                Conj/Tmut      1%         3d12      100%        5
 Lee's Rapid Deconstruct  Erth           0%         3d4*      100%        5
 Silence                  Hex/Air        0%         N/A       100%        5
 Conjure Ball Lightning   Conj/Air       1%         3x3d6     100%        6
 Eringya's Noxious Bog    Tmut/Pois      0%         N/A       100%        6
 Orb of Destruction       Conj           2%         9d5       100%        7
 Spellforged Servitor     Conj/Summ      1%         N/A       100%        7
 Discord                  Hex            0%         N/A       100%        8
 Disjunction              Tloc           0%         N/A       100%        8
 Ignition                 Fire           0%         3d3       100%        8


Dungeon Overview and Level Annotations

Branches:
Dungeon (15/15)            Temple (0/1) D:6            Lair (5/5) D:10
 Shoals (0/4) Lair:3        Snake (0/4) Lair:2        Slime (0/5) Lair:4
    Orc (2/2) D:9             Elf (0/3) Orc:2        Vaults (0/5) D:13
 Depths (1/4) D:15        Ossuary (visited)          Bailey (visited)
Volcano (visited)         Gauntlet (visited)

Altars:
Ashenzari
Cheibriados
Fedhas
Hepliaklqana
Ru
Sif Muna
Uskayaw
Wu Jian
Zin
The Shining One

Shops:
D:13 (   Orc:2 ![=[(

Portals:
Hell: Depths:1
Ziggurat: Depths:1

Annotations:
Lair:4 1 runed translucent door
Depths:1 Asterion, Sojobo


Innate Abilities, Weirdness & Mutations

You have a pair of horns on your head.
You reflexively headbutt those who attack you in melee.
Your flesh is cold resistant. (rC+)
You occasionally lose the ability to read scrolls when taking damage.


Message History

You are too injured to fight recklessly!
Unknown command.
Unknown command.
You are too injured to fight recklessly!
The sentinel's mark upon you fades away.
Unknown command.
Unknown command.
You cut Asterion into ribbons!!! You freeze Asterion!
You headbutt Asterion, but do no damage.
Asterion is severely wounded.
You closely miss the +2 spectral demon whip.
The +2 spectral demon whip disappears.
Asterion utters an invocation to Makhleb.
Unknown command.
You slash the green death! You freeze the green death.
The green death is lightly wounded.
You slash Asterion! You freeze Asterion.
Asterion conjures a destructive force in the name of Makhleb!
The iron shot hits you!!
Sojobo mumbles some strange words.
Unknown command.
Unknown command.
As you read the scroll of teleportation, it crumbles to dust.
You feel strangely unstable. The air elemental barely misses you.
Asterion hits you with a +2 spectral demon whip!
* * * LOW HITPOINT WARNING * * *
Asterion gores you but does no damage. You block the green death's attack.
The air elemental hits you.
* * * LOW HITPOINT WARNING * * *
Asterion hits you with a +2 spectral demon whip!!
You feel threatened and lose the ability to read scrolls!
* * * LOW HITPOINT WARNING * * *
Asterion gores you but does no damage.
Unknown command.
You feel much better.
The air elemental hits you but does no damage. x2
The green death gestures at you. The poison arrow hits you!!!
You are poisoned.
You die...

##########
###
#E@2...... ..
###H########
#. ##EEQ# #.
# ###..### #
.. ###≈≈.##
##
.≈≈~#.≈~.##
#.
≈....≈~...#
#.
≈≈..##...##
#######.
≈≈≈+...H#
######.......


You could see Sojobo (repels missiles), Asterion (fast), a green death
(summoned) and 3 air elementals.

Vanquished Creatures
  2 liches (Depths:1)
  2 fire giants (Depths:1)
  An orc warlord (Bailey)
  An ironbound preserver (D:13)
  A very ugly thing (Depths:1)
  A stone giant (Depths:1)
  A broodmother (D:12)
  A minotaur (Gauntlet)
  A vampire knight (Depths:1)
  A red draconian (Volcano)
  Snorg (Lair:3)
  An ettin (Depths:1)
  2 fire dragons (Depths:1)
  A spriggan air mage (Depths:1)
  4 centaur warriors
  3 ogre magi
  2 rakshasas (D:12)
  9 hydras
  4 boulder beetles
  A catoblepas (D:12)
  12 two-headed ogres
  3 orc high priests (Orc:2)
  2 tengu warriors (D:12)
  A spriggan berserker (Depths:1)
  2 soul eaters (Gauntlet)
  3 deep troll earth magi (Depths:1)
  An iron troll (Depths:1)
  2 skysharks
  3 glowing orange brains
  2 deep trolls (Depths:1)
  6 orc knights
  A wizard (D:13)
  A necromancer (D:15)
  A lindwurm (Lair:5)
  An obsidian statue (Volcano)
  A wolf spider zombie (D:15)
  8 ugly things
  2 deep elf pyromancers
  4 cyclopes
  6 orc sorcerers
  7 manticores
  3 black mambas
  A salamander (D:10)
  A centaur zombie (D:15)
  Maurice (D:10)
  2 naga magi (D:15)
  A torpor snail (shapeshifter) (Depths:1)
  9 elephants
  A centaur skeleton (D:15)
  A gargoyle (D:11)
  2 torpor snails
  An unseen horror (shapeshifter) (D:13)
  2 unseen horrors
  11 cane toads
  10 komodo dragons
  2 kobold demonologists
  2 rime drakes (Lair:5)
  2 yaktaurs (D:12)
  9 trolls
  A troll (shapeshifter) (D:15)
  6 polar bears
  5 hornets
  20 blink frogs
  A hornet (shapeshifter) (D:14)
  A meliai zombie (D:15)
  Grinder (D:3)
  5 dream sheep
  A jumping spider (shapeshifter) (D:13)
  Sigmund (D:5)
  9 slime creatures
  A wraith (D:12)
  A centaur simulacrum (D:15)
  13 spriggans
  3 wyverns
  9 fire bats
  3 shadows
  3 water elementals
  53 yaks
  9 basilisks
  Eustachio (D:5)
  2 steam dragons
  4 vampire mosquitoes (D:12)
  Menkaure (D:5)
  Edmund (D:5)
  14 water moccasins
  2 acid dragons
  5 nagas (Lair:2)
  28 orc warriors
  2 ice beasts
  3 black bears
  2 sky beasts (D:7)
  7 ogres
  5 boggarts (Lair:5)
  5 centaurs
  28 wolves
  5 kobold brigands
  An elf zombie (Ossuary)
  10 bullfrogs
  3 gnoll sergeants
  4 scorpions
  6 wights
  14 killer bees
  9 howler monkeys
  3 electric eels (D:13)
  7 lava snakes (Volcano)
  3 human zombies (Ossuary)
  3 jellies
  Crazy Yiuf (D:2)
  A gnoll bouda (D:6)
  21 orc priests
  A hound (D:5)
  3 iguanas
  Ijyb (D:3)
  2 sleepcaps
  6 hell rats
  21 orc wizards
  2 mummies (Ossuary)
  Robin (D:4)
  3 adders
  20 gnolls
  3 river rats (Lair:1)
  5 shadow imps (Gauntlet)
  A white imp (D:5)
  An ufetubus (D:7)
  An adder zombie (Ossuary)
  2 worms
  2 dart slugs (D:1)
  54 orcs
  A bat (D:1)
  5 endoplasms
  A giant cockroach (D:2)
  25 goblins
  25 hobgoblins
  3 jackals (D:1)
  16 kobolds
  A quokka (D:4)
  5 ball pythons
  5 frilled lizards
  12 hobgoblin zombies (Ossuary)
  A jackal zombie (Ossuary)
  6 kobold zombies (Ossuary)
  12 orc zombies (Ossuary)
  11 rats
  A rat zombie (Ossuary)
776 creatures vanquished.

Vanquished Creatures (collateral kills)
  A hydra (D:10)
1 creature vanquished.

Vanquished Creatures (others)
  A very ugly thing (D:12)
  A glowing orange brain (Depths:1)
  A water elemental (Depths:1)
  An orc (D:3)
4 creatures vanquished.

Grand Total: 781 creatures vanquished

Notes
Turn   | Place    | Note
-------+----------+-------------------------------------------
     0 | D:1      | Amplified the Minotaur Reaver began the quest for the Orb.
     0 | D:1      | Reached XP level 1. HP: 18/18 MP: 1/1
    53 | D:1      | Found a faded altar of an unknown god.
    60 | D:1      | Reached skill level 1 in Armour
    63 | D:1      | Reached XP level 2. HP: 25/25 MP: 3/3
   140 | D:1      | Identified a scroll of acquirement
   141 | D:1      | Acquired a +1 broad axe of freezing
   148 | D:1      | Reached skill level 4 in Axes
   822 | D:2      | Reached XP level 3. HP: 31/31 MP: 4/4
   873 | D:2      | Found a runed translucent door.
   874 | D:2      | Noticed Crazy Yiuf
  1352 | D:2      | Learned a level 2 spell: Momentum Strike
  1472 | D:2      | Killed Crazy Yiuf
  1511 | D:3      | Reached XP level 4. HP: 38/38 MP: 5/5
  1615 | D:3      | Noticed Ijyb
  1616 | D:3      | Noticed Grinder
  1621 | D:3      | Paralysed by Grinder for 4 turns
  1628 | D:3      | Killed Ijyb
  1632 | D:3      | Killed Grinder
  1633 | D:3      | Reached skill level 5 in Axes
  1633 | D:3      | Reached XP level 5. HP: 46/47 MP: 4/7
  1633 | D:3      | Reached XP level 6. HP: 52/53 MP: 4/8
  2204 | D:4      | Noticed Robin
  2227 | D:4      | Gained mutation: You occasionally lose the ability to read
                  | scrolls when taking damage. [potion of mutation]
  2227 | D:4      | Gained mutation: You are dopey. (Int -2) [potion of
                  | mutation]
  2227 | D:4      | Lost mutation: You are dopey. (Int -2) [potion of mutation]
  2227 | D:4      | Gained mutation: Your flesh is cold resistant. (rC+)
                  | [potion of mutation]
  2234 | D:4      | Killed Robin
  2239 | D:4      | Found a sand-covered staircase.
  2274 | Ossuary  | Entered an ossuary
  2467 | Ossuary  | Reached skill level 5 in Fighting
  2485 | Ossuary  | Reached XP level 7. HP: 61/61 MP: 9/9
  2541 | Ossuary  | Reached skill level 6 in Axes
  3807 | D:5      | Entered Level 5 of the Dungeon
  3874 | D:5      | Reached skill level 5 in Armour
  3948 | D:5      | Found a hide-covered altar of Uskayaw.
  4019 | D:5      | Noticed Menkaure
  4036 | D:5      | Killed Menkaure
  4037 | D:5      | Reached XP level 8. HP: 43/70 MP: 3/12
  4152 | D:5      | Learned a level 2 spell: Passwall
  4175 | D:5      | Noticed Edmund
  4289 | D:5      | Reached skill level 7 in Axes
  4323 | D:5      | Noticed Eustachio
  4335 | D:5      | Killed Eustachio
  4408 | D:5      | Killed Edmund
  4707 | D:5      | Noticed Sigmund
  4719 | D:5      | Killed Sigmund
  5358 | D:6      | Reached skill level 8 in Axes
  5358 | D:6      | Reached XP level 9. HP: 57/79 MP: 11/14
  5521 | D:6      | Found a staircase to the Ecumenical Temple.
  7066 | D:8      | Reached skill level 9 in Axes
  7133 | D:8      | Found a glowing golden altar of the Shining One.
  7152 | D:8      | Became a worshipper of the Shining One
  7281 | D:8      | Reached skill level 1 in Invocations
  7423 | D:8      | Found an ornate altar of the Wu Jian Council.
  7517 | D:8      | Identified the +10 dagger of Sofeefri {heavy, Str+2}
  7907 | D:8      | Reached XP level 10. HP: 79/87 MP: 14/16
  8152 | D:9      | Noticed a manticore
  8239 | D:9      | Killed a manticore
  8578 | D:9      | Found a sacrificial altar of Ru.
  8591 | D:9      | Found a staircase to the Orcish Mines.
  8640 | D:9      | Found a hazy altar of Hepliaklqana.
  8726 | D:10     | Entered Level 10 of the Dungeon
  8784 | D:10     | Noticed a manticore
  8789 | D:10     | Killed a manticore
  8790 | D:10     | Reached skill level 10 in Axes
  8846 | D:10     | Noticed Maurice
  8850 | D:10     | Killed Maurice
  8853 | D:10     | Found a flagged portal.
  8877 | Bailey   | Entered a bailey
  9232 | Bailey   | Reached skill level 14 in Axes
  9232 | Bailey   | Reached XP level 11. HP: 99/99 MP: 17/17
  9233 | Bailey   | Reached skill level 17 in Axes
  9233 | Bailey   | Reached XP level 12. HP: 106/106 MP: 18/18
  9243 | Bailey   | Identified the +5 great sword of Defiance {drain, rC+
                  | Int+5}
  9259 | Bailey   | Noticed an orc warlord
  9264 | Bailey   | Reached skill level 5 in Invocations
  9277 | Bailey   | Killed an orc warlord
  9280 | Bailey   | Acquired the +0 hat of the Snail {rN+ Regen+}
  9452 | D:10     | Found a shimmering blue altar of Sif Muna.
  9455 | D:10     | Found a snail-covered altar of Cheibriados.
  9459 | D:10     | Found a glowing silver altar of Zin.
  9780 | D:10     | Found a staircase to the Lair.
  9920 | D:10     | Identified the staff of conjuration "Tofek" {rF+}
  9935 | D:10     | Noticed a six-headed hydra
  9949 | D:10     | Killed a six-headed hydra
  9950 | D:10     | Reached skill level 18 in Axes
  9950 | D:10     | Reached XP level 13. HP: 105/113 MP: 14/19
  9987 | D:10     | Reached * piety under the Shining One
 10391 | D:11     | Reached skill level 10 in Fighting
 10926 | D:11     | Reached skill level 10 in Armour
 10949 | D:11     | Found a blossoming altar of Fedhas.
 11008 | D:11     | Identified the amulet of Hinligra {Reflect rN+++ SH+5}
 11354 | D:12     | Reached ** piety under the Shining One
 11775 | D:12     | Found a runed translucent door.
 11948 | D:12     | a four-headed hydra changed into a broodmother
 11948 | D:12     | Noticed a broodmother
 11954 | D:12     | Killed a broodmother
 12035 | D:12     | Identified the ring of Undoing {Wiz rC+ MP+9}
 12112 | D:12     | Found the +27 heavy crossbow "Sniper" {heavy, Acc+∞ SInv}
 12136 | D:12     | Identified the staff of poison "Ocunt" {rPois Dex+4}
 12211 | D:12     | Noticed a cyan very ugly thing
 12547 | Lair:1   | Entered Level 1 of the Lair of Beasts
 12967 | Lair:1   | Reached *** piety under the Shining One
 12982 | Lair:1   | Reached XP level 14. HP: 118/127 MP: 20/20
 13406 | Lair:2   | Found a staircase to the Snake Pit.
 13419 | Lair:2   | Found a gate leading to a gauntlet.
 13443 | Gauntlet | Entered a Gauntlet
 13443 | Gauntlet | Found a transporter.
 13466 | Gauntlet | Found a large runed translucent door.
 13467 | Gauntlet | Found a large runed translucent door.
 13468 | Gauntlet | Found a large runed translucent door.
 13468 | Gauntlet | Found a large runed translucent door.
 13468 | Gauntlet | Found a runed translucent door.
 13468 | Gauntlet | Found a runed translucent door.
 13469 | Gauntlet | Found a large runed translucent door.
 13470 | Gauntlet | Found a large runed translucent door.
 13471 | Gauntlet | Found a large runed translucent door.
 13471 | Gauntlet | Found a large runed translucent door.
 13472 | Gauntlet | Found a runed translucent gate.
 13472 | Gauntlet | Found a runed translucent gate.
 13472 | Gauntlet | Found a runed translucent gate.
 13474 | Gauntlet | Found a transporter.
 13483 | Gauntlet | Found a large runed translucent door.
 13483 | Gauntlet | Found a large runed translucent door.
 13484 | Gauntlet | Found a large runed translucent door.
 13485 | Gauntlet | Found a large runed translucent door.
 13489 | Gauntlet | Found a transporter.
 13494 | Gauntlet | Found a transporter.
 13509 | Gauntlet | Found a transporter.
 13528 | Gauntlet | Found a transporter.
 13540 | Gauntlet | Found a transporter.
 13548 | Gauntlet | Noticed a quicksilver ooze
 13548 | Gauntlet | Reached **** piety under the Shining One
 13552 | Gauntlet | Found a transporter.
 13558 | Gauntlet | Found a transporter.
 13558 | Gauntlet | Found a transporter.
 13573 | Gauntlet | Found a transporter.
 13585 | Gauntlet | Found a transporter.
 13602 | Gauntlet | Found a transporter.
 13620 | Gauntlet | Found a transporter.
 13622 | Gauntlet | Found a transporter.
 13647 | Gauntlet | Found a transporter.
 13649 | Gauntlet | Found a transporter.
 13665 | Gauntlet | Found a large runed translucent door.
 13665 | Gauntlet | Found a large runed translucent door.
 13666 | Gauntlet | Found a large runed translucent door.
 13667 | Gauntlet | Found a large runed translucent door.
 13669 | Gauntlet | Found a transporter.
 13934 | Gauntlet | Identified the amulet of Optimism {RegenMP +Blink Str+4
                  | Int-2 Dex+3}
 13967 | Gauntlet | Reached skill level 10 in Invocations
 13975 | Gauntlet | Identified the +1 hat of Ashenzari's Delight {rElec rF+++
                  | Int-3 SInv}
 14009 | Gauntlet | Identified the +5 falchion of the Manifold Lovers {flame,
                  | Int+5}
 15282 | Lair:3   | Found a staircase to the Shoals.
 15304 | Lair:3   | Noticed Snorg
 15310 | Lair:3   | Killed Snorg
 15966 | Lair:4   | Found a runed translucent door.
 15975 | Lair:4   | Found a staircase to the Slime Pits.
 17060 | Lair:5   | Entered Level 5 of the Lair of Beasts
 17601 | Lair:5   | Reached XP level 15. HP: 120/139 MP: 22/22
 17791 | Lair:5   | Reached ***** piety under the Shining One
 17886 | Lair:5   | Reached skill level 15 in Fighting
 18144 | Lair:5   | Reached skill level 15 in Armour
 18666 | Orc:1    | Entered Level 1 of the Orcish Mines
 18666 | Orc:1    | You fall into a shaft and drop 1 floor!
 18666 | Orc:2    | Entered Level 2 of the Orcish Mines
 18689 | Orc:2    | Found a dark tunnel.
 18698 | Volcano  | Entered a volcano
 18786 | Volcano  | Found a radiant altar of Vehumet.
 19052 | Orc:2    | Found Anuloc's Distillery.
 19114 | Orc:2    | Bought 2 potions of heal wounds for 160 gold pieces
 19114 | Orc:2    | Bought a potion of curing for 48 gold pieces
 19114 | Orc:2    | Bought a potion of curing for 48 gold pieces
 19114 | Orc:2    | Bought a potion of curing for 48 gold pieces
 19114 | Orc:2    | Bought a potion of heal wounds for 80 gold pieces
 19114 | Orc:2    | Bought a potion of curing for 48 gold pieces
 19114 | Orc:2    | Bought a potion of might for 64 gold pieces
 19114 | Orc:2    | Bought a potion of might for 64 gold pieces
 19158 | Orc:2    | Found Tukh's Weapon Boutique.
 19249 | Orc:2    | Found Xyri Kaa's Antique Armour Shoppe.
 19255 | Orc:2    | Found Baloalea's Jewellery Shoppe.
 19261 | Orc:2    | Found Uppij's Antique Armour Boutique.
 19271 | Orc:2    | Bought a masterwork tower shield for 313 gold pieces
 19271 | Orc:2    | Identified the +0 tower shield "Wetufa Osiwi" {Str-2 Int+5}
                  | (You bought it in a shop on level 2 of the Orcish Mines)
 19282 | Orc:2    | Bought a shiny plate armour for 702 gold pieces
 19582 | Orc:2    | Found a staircase to the Elven Halls.
 20584 | D:13     | Found Luogin's Firing Range.
 20584 | D:13     | Reached ****** piety under the Shining One
 20658 | D:13     | Found a gate to the Vaults.
 20845 | D:13     | Identified the +6 long sword of Arbitration {chaos, Str+3
                  | SInv}
 21491 | D:14     | Reached XP level 16. HP: 118/152 MP: 25/25
 22089 | D:15     | Entered Level 15 of the Dungeon
 22802 | D:15     | Found a staircase to the Depths.
 23031 | Depths:1 | Entered Level 1 of the Depths
 23266 | Depths:1 | Found a one-way gateway to a ziggurat.
 23267 | Depths:1 | Found a broken altar of Ashenzari.
 23392 | Depths:1 | Noticed a lich
 23397 | Depths:1 | Noticed a lich
 23421 | Depths:1 | Killed a lich
 23422 | Depths:1 | Killed a lich
 23941 | Depths:1 | Found a gateway to Hell.
 24078 | Depths:1 | Noticed Asterion
 24081 | Depths:1 | Noticed an Executioner
 24090 | Depths:1 | Noticed Sojobo
 24097 | Depths:1 | HP: 4/157 [Asterion/+2 spectral demon whip (28)]
 24098 | Depths:1 | Killed from afar by a green death

Illustrated notes

Levels and vault maps discovered:
D:1:      dpeg_arrival_simpleton_a, layout_basic, basic_ecumenical_altar
D:2:      layout_loops_ring, minmay_split_cup_large, uniq_crazy_yiuf_cottage
D:3:      layout_rooms, uniq_grinder, uniq_ijyb
D:4:      layout_layer_cave, enter_ossuary_5, minmay_liquid_box,
          nicolae_hexahallways, uniq_robin
D:5:      layout_gridville, lemuel_round_altar, due_unseen_surprise,
          uniq_sigmund, uniq_menkaure, uniq_eustachio, uniq_edmund
D:6:      layout_layer_cave, minmay_temple_entry_water_ring
D:7:      layout_loops_ring
D:8:      layout_loops_ring, mainiacjoe_overflow_surrounded_room,
          nicolae_wu_jian_glorious_leap
D:9:      layout_rooms, chequers_temple_overflow_statue_of_worship, orc_0_dummy
D:10:     layout_loops_corners, grunt_temple_overflow_diamond,
          minmay_lair_entry_lava, enter_bailey_5, minmay_diamond_spiral,
          uniq_maurice
D:11:     layout_loops_ring, dk_noncrumbling_4, abandoned_shop,
          fedhas_altar_fruit_tree
D:12:     minmay_the_grid_triangle_9x9_rhombus_full_mashed
          [minmay_the_grid_triangle_9x9_descending_squares,
          minmay_the_grid_triangle_9x9_from_above,
          minmay_the_grid_triangle_9x9_corrupted_corridor,
          minmay_the_grid_triangle_9x9_wacky_v,
          minmay_the_grid_triangle_9x9_subtriangle,
          minmay_the_grid_triangle_9x9_intruding_spiral,
          minmay_the_grid_triangle_9x9_longest,
          minmay_the_grid_triangle_9x9_prize_schism], layout_stronghold,
          grunt_potential
D:13:     layout_basic, skrybe_vaults_entry_preservation,
          nicolae_shop_firing_range
D:14:     layout_rooms
D:15:     grunt_enter_depths_magical_seal, layout_basic,
          minmay_misc_feat_columns
Lair:1:   layout_small_grid, st_stairs_11, kennysheep_abandoned_house,
          grunt_megastairs_4
Lair:2:   layout_regular_city, minmay_snake_entry_guardpost_medium,
          gauntlet_entry_generic, st_stairs_9, minivault_26
Lair:3:   layout_gridlike, minmay_shoals_entry_centaurs,
          amcnicky_mini_pool_medium, uniq_snorg
Lair:4:   layout_hall_layers, slime_entry_2, infiniplex_staircase_pool_2
Lair:5:   minmay_lair_end_enchanted_forest, layout_gridlike
Orc:1:    layout_caves
Orc:2:    st_orc_elflike, layout_diamond_mine, basic_altar, serial_shops,
          nicolae_shop_stone, nicolae_volcano_entry_batcave
Depths:1: lemuel_traditional_vault, layout_gridlike, enter_ziggurat_e,
          minmay_misc_feat_ornament, grunt_hell_entry_dis_grunt, serial_rivers,
          chequers_serial_rivers_large_a, chequers_serial_rivers_small_b,
          chequers_serial_rivers_micro_e, chequers_serial_rivers_small_b,
          chequers_serial_rivers_micro_a, minmay_misc_feat_roman,
          ashenzari_conservatory_becter, uniq_bai_suzhen, uniq_asterion,
          uniq_sojobo

Skill      XL: |  1  2  3  4  5  6  7  8  9 10 11 12 13 14 15 16 |
---------------+-------------------------------------------------+-----
Armour         | 1 2 3 4 5 7 8 9 12 14 16 17 | 17.6
Axes           | 4 5 6 8 9 14 17 18 | 18.2
Fighting       | 3 4 5 6 7 9 12 14 16 17 | 17.8
Spellcasting   | 2 3 4 |  4.8
Invocations    | 1 4 6 9 11 13 14 | 14.4
Dodging        | |  2.1
Conjurations   | |  2.1

Action                     |  1- 3 |  4- 6 |  7- 9 | 10-12 | 13-15 | 16-18 || total
---------------------------+-------+-------+-------+-------+-------+-------++-------
  Melee: Hand axe          |    15 |       |       |       |    33 |     4 ||    52
         Headbutt          |     6 |    13 |    43 |    38 |   259 |    61 ||   420
         Punch             |     1 |       |     2 |     4 |    11 |     4 ||    22
         Broad axe         |    34 |   114 |   274 |   176 |   923 |   170 ||  1691
         Morningstar       |       |       |       |     1 |     8 |       ||     9
  Throw: Dart              |       |       |     2 |     1 |       |       ||     3
         Throwing net      |       |       |       |     4 |     1 |       ||     5
 Invoke: Divine Shield     |       |       |       |       |     3 |       ||     3
         Cleansing Flame   |       |       |       |       |     2 |     4 ||     6
  Evoke: Wand              |       |     1 |     3 |     7 |     2 |       ||    13
         Piece from Xom's  |       |       |       |     3 |     1 |       ||     4
         Phantom mirror    |       |       |       |     1 |     1 |       ||     2
         Lightning rod     |       |       |       |       |     4 |       ||     4
    Use: Scroll            |     9 |     4 |     7 |     9 |     8 |     1 ||    38
         Potion            |     1 |     4 |     5 |     6 |    13 |     3 ||    32
 Armour: Leather armour    |    16 |       |       |       |       |       ||    16
         Plate armour      |     2 |   111 |    84 |       |   131 |   145 ||   473
         Ring mail         |       |       |    79 |   113 |   283 |       ||   475
  Dodge: Dodged            |    31 |    44 |   138 |   118 |   329 |    59 ||   719
  Block: Other             |       |       |       |       |   164 |    34 ||   198
         Reflection        |       |       |       |       |    10 |       ||    10
